 Dungeon Crawl Stone Soup version 0.13-a0-1660-ga2b9f94 (webtiles) character file.

270 Broomstick the Covered (level 5, 0/41 HPs)
             Began as a Djinni Fighter on June 18, 2013.
             Was an Initiate of Nemelex Xobeh.
             Succumbed to a kobold's poison
             ... on Level 3 of the Dungeon.
             The game lasted 00:21:30 (1412 turns).

Broomstick the Covered (Djinni Fighter)             Turns: 1412, Time: 00:21:30

HP   0/41        AC  7     Str 23      XL: 5   Next: 23%
MP   0/0         EV  7     Int  8      God: Nemelex Xobeh [......]
Gold 102         SH 20     Dex 12      Spells:  0 memorised,  4 levels left

Res.Fire  : + + +   See Invis. : .   A - plain deck of escape {drawn: 4}
Res.Cold  : . . .   Warding    : .   b - +0 scale mail
Life Prot.: + + +   Conserve   : .   c - +0 shield
Res.Poison: .       Res.Corr.  : .   (no helmet)
Res.Elec. : .       Clarity    : .   (no cloak)
Sust.Abil.: . .     Spirit.Shd : .   (no gloves)
Res.Mut.  : .       Stasis     : .   (boots unavailable)
Res.Rott. : .       Flight     : .   (no amulet)
Saprovore : . . .                    (no ring)
                                     j - ring of ice

@: mighty, quite poisoned, slowed, slow, slightly resistant to hostile
enchantments, extremely unstealthy
A: no striking features
a: Renounce Religion


You were on level 3 of the Dungeon.
You worshipped Nemelex Xobeh.
Nemelex Xobeh was pleased with you.
You were not hungry.

You visited 1 branch of the dungeon, and saw 3 of its levels.

You collected 82 gold pieces.

Inventory:

Hand weapons
 a - a +0,+0 falchion
 e - a +2,+0 hand axe
 y - a cursed -1,-3 spear (quivered)
 z - a cursed -1,-1 dagger
Missiles
 m - 43 stones
 p - 65 darts
 r - 4 poisoned darts
Armour
 b - a +0 scale mail (worn)
 c - a +0 shield (worn)
Comestibles
 f - an apple
 i - a bread ration
 o - a meat ration
 x - a pear
Scrolls
 d - 3 scrolls of remove curse {unknown}
 g - a scroll of fear {unknown}
 k - 6 scrolls of identify {unknown}
 l - 2 scrolls of teleportation {unknown}
 n - 2 scrolls of amnesia {unknown}
 q - 2 scrolls of blinking {unknown}
 w - a scroll of random uselessness {unknown}
 D - a scroll of magic mapping {unknown}
 E - a scroll of recharging {unknown}
Jewellery
 j - a ring of ice (left hand)
 C - an uncursed ring of sustain abilities {unknown}
Miscellaneous
 A - a plain deck of escape {drawn: 4} (in hand)


   Skills:
 - Level 3.3 Fighting
 + Level 3.4 Long Blades
 + Level 4.4 Armour
 + Level 3.9 Shields
 + Level 0.8 Evocations


You had 4 spell levels left.
You didn't know any spells.

Dungeon Overview and Level Annotations

Branches:
Dungeon (3/27)

Altars:
Nemelex Xobeh


Message History

You feel sluggish.
* * * LOW HITPOINT WARNING * * *
You feel sick.
You feel a little better.
* * * LOW HITPOINT WARNING * * *
You feel sick.
Drink which item? (? for menu, Esc to quit)
You feel very mighty all of a sudden.
It was a potion of might.
* * * LOW HITPOINT WARNING * * *
You feel sick.
Drink which item? (? for menu, Esc to quit)
It has a very clean taste.
It was a potion of cure mutation.
Drink which item? (? for menu, Esc to quit)
You feel yourself slow down.
It was a potion of slowing.
* * * LOW HITPOINT WARNING * * *
You feel sick.
You draw a card...
It is Velocity.
You feel quick.
You die...
Your body disappears without a glow.

.<..........o.......
..<........o.o(.o###
#......o.####...... #..>...o##
#...... #.......# #......
#####....o..#####......
.........o............K. .
#####.g.....#####...... #....
###.@.....# #.?.... . #.....
#.........#####...... .#
#...... #................. .#
#......# #.........#######. .#
#..................# .###...#
.............### .# .......#
....##.#.......# #.# ......#
....##>#.......# #.#
......###....##.#.......#####.#


You could see 4 orcs and a hobgoblin.

Vanquished Creatures
  A scorpion (D:3)
  An orc wizard (D:3)
  Ijyb (D:2)
  3 adders
  2 worms (D:2)
  3 giant geckos
  An ooze (D:2)
  3 orcs (D:3)
  2 bats
  6 giant cockroaches
  6 goblins
  7 hobgoblins
  3 jackals (D:2)
  A quokka (D:2)
  A ball python (D:1)
  3 giant newts
  3 kobolds
  10 rats
57 creatures vanquished.

Notes
Turn   | Place    | Note
--------------------------------------------------------------
     0 | D:1      | Broomstick, the Djinni Fighter, began the quest for the Orb.
     0 | D:1      | Reached XP level 1. HP: 16/16 MP: 0/0
   236 | D:1      | Reached XP level 2. EP: 22/22
   585 | D:2      | Noticed Ijyb
   631 | D:2      | Killed Ijyb
   631 | D:2      | Reached XP level 3. EP: 21/29
   878 | D:2      | Reached XP level 4. EP: 35/35
  1046 | D:2      | Reached skill level 4 in Armour
  1235 | D:3      | Found a sparkling altar of Nemelex Xobeh.
  1244 | D:3      | Became a worshipper of Nemelex Xobeh
  1256 | D:3      | Received a gift from Nemelex Xobeh
  1346 | D:3      | Reached XP level 5. EP: 14/41
  1408 | D:3      | HP: 2/41 [poisoned by a kobold]
  1412 | D:3      | Succumbed to a kobold's poison

Action                   |  1- 3 |  4- 6 || total
-------------------------+-------+-------++-------
Melee: Falchion          |   146 |   108 ||   254
Throw: Hand axe          |     1 |     2 ||     3
       Stone             |    19 |    22 ||    41
       Spear             |       |     3 ||     3
Evoke: Deck              |       |     4 ||     4
  Use: Potion            |       |     5 ||     5
